 Dungeon Crawl Stone Soup version 0.31.0-10-gcf4a605ca0 (webtiles) character file.

Game seed: 17042532147226683834

383 Gadfly the Ruffian (level 6, -1/46 HPs)
             Began as a Demonspawn Shapeshifter on Jan 26, 2024.
             Slain by an orc wizard
             ... wielding a +0 dagger
              (3 damage)
             ... on level 4 of the Dungeon.
             The game lasted 00:05:24 (3683 turns).

Gadfly the Ruffian (Demonspawn Shapeshifter)        Turns: 3683, Time: 00:05:25

Health: -1/46      AC:  2    Str: 16    XL:     6   Next: 47%
Magic:  6/6        EV: 13    Int: 11    God:
Gold:   145        SH:  0    Dex: 12    Spells: 3/5 levels left

rFire   . .          .
                       - Unarmed
rCold   . . .        (no shield)
rNeg    . . .        a - +0 animal skin
rPois   .            (helmet currently unavailable)
rElec   .            o - melded +0 cloak
rCorr   .            (gloves currently unavailable)
SInv    .            e - melded +0 pair of boots
Will    .....        (no amulet)
Stlth   +            (no ring)
HPRegen 0.27/turn    (no ring)
MPRegen 0.20/turn

%: no passive effects
@: beast-form
A: beast (slay +1), magic regeneration, weakness stinger 1
a: Begin Untransformation


You were on level 4 of the Dungeon.
You were a hulking beast.
You visited 1 branch of the dungeon, and saw 4 of its levels.

You collected 145 gold pieces.

Inventory:

Hand Weapons
 f - a +1 whip of flaming
Armour
 a - a +0 animal skin (worn)
 e - a +0 pair of boots (melded)
 o - a +0 cloak (melded)
Talismans
 c - a beast talisman (active)
 d - a flux talisman
Scrolls
 i - a scroll of revelation
 k - 2 scrolls of identify
Potions
 b - 3 potions of lignification
 g - a potion of attraction
 h - 2 potions of haste
 j - a potion of curing
 l - a potion of heal wounds
 m - a potion of ambrosia {unknown}


   Skills:
 + Level 2.5 Fighting
 * Level 3.5 Dodging
 + Level 3.5 Unarmed Combat
 * Level 3.3 Evocations
 + Level 3.4 Shapeshifting


You had 3 spell levels left.
You knew the following spells:

 Your Spells              Type           Power      Damage    Failure   Level
a - Blink                 Tloc           0%         N/A       47%         2

Your spell library contained the following spells:

 Spells                   Type           Power      Damage    Failure   Level
 Foxfire                  Conj/Fire      0%         2x1d4     34%         1
 Lesser Beckoning         Tloc           0%         N/A       47%         2
 Momentum Strike          Conj/Tloc      0%         3d8       47%         2
 Plasma Beam              Fire/Air       0%         2x1d10    100%        6
 Starburst                Conj/Fire      0%         6d3       100%        6


Dungeon Overview and Level Annotations

Branches:
Dungeon (4/15)
 Temple: D:4-7

Altars:
Cheibriados
Makhleb


Innate Abilities, Weirdness & Mutations

You are a hulking beast.
Your limbs bulge with bestial killing power. (Slay +1)
You regenerate magic rapidly.
You have a small tail.


Message History

You hear a shout!
You hit something but do no damage.
Your tail-slap misses something.
A hobgoblin comes into view.
You hear some strange, mumbled words.
A magic dart appears from out of thin air!
The magic dart hits you. Something hits you.
You closely miss something. Something hits you. Something barely misses you.
You miss something. Something hits you. x2
The orc priest begins to cast a cantrip, but forgets the words!
You punch something! Something hits you. x2
The orc priest calls down the wrath of Beogh upon you.
Something writhes in agony!
Reactivating autopickup.
You feel a bit more experienced.
Found 3 stones.
You hear some strange, mumbled words.
Deactivating autopickup; reactivate with Ctrl-A.
Something tries to affect you, but you resist.
The orc hits you with a +0 hand axe.
* * * LOW HITPOINT WARNING * * *
The orc priest hits you with a +0 whip.
* * * LOW HITPOINT WARNING * * *
Things that are here:
a +0 dagger; a +0 robe You hit the orc.
You kill the orc!
Something barely misses you. The orc priest hits you with a +0 whip.
* * * LOW HITPOINT WARNING * * *
You hit the hobgoblin.
You kill the hobgoblin!
The orc misses you. Something hits you.
* * * LOW HITPOINT WARNING * * *
The orc priest closely misses you.
Things that are here:
a +0 hand axe; a +0 leather armour You hit the orc but do no damage.
Your tail-slap misses the orc.
The orc barely misses you. The orc priest hits you with a +0 whip.
* * * LOW HITPOINT WARNING * * *
Something hits you.
You die...

#.#.#####.# #.#.#...#.#
#.#.#.#.#.# #.#.#.#.#.#
#######.#...#.#.########
........#####.#.........
#######.......#..<#.####
#######{#####.#.###.#
#.....oh#.).#.#.....#
#.#....o#.#.#.#.#####
#.###.#.#.#.#...# (.
..#.#...#...##### ..
..#.#####.......# .
...<..#.......#####.#
.....#.#####.#####.#
....#.# ..#.......#
...#.# #.#.#.#####


You could see an orc priest and an orc.

Vanquished Creatures
  An ogre (D:4)
  3 bombardier beetles
  A jelly (D:2)
  An iguana (D:4)
  An orc wizard (D:3)
  An adder (D:2)
  3 ribbon worms
  5 orcs
  6 endoplasms
  2 giant cockroaches
  6 goblins
  8 hobgoblins
  8 jackals
  6 kobolds
  5 quokkas
  9 ball pythons
  8 bats
  3 frilled lizards
  5 rats
82 creatures vanquished.

Vanquished Creatures (others)
  An orc wizard (D:4)
1 creature vanquished.

Grand Total: 83 creatures vanquished

Notes
Turn   | Place    | Note
-------+----------+-------------------------------------------
     0 | D:1      | Gadfly the Demonspawn Shapeshifter began the quest for the
                  | Orb.
     0 | D:1      | Reached XP level 1. HP: 15/15 MP: 1/1
   203 | D:1      | Gained mutation: You have a small tail. [demonic ancestry]
   203 | D:1      | Reached XP level 2. HP: 18/21 MP: 2/2
   256 | D:1      | Reached skill level 1 in Evocations
   662 | D:1      | Reached XP level 3. HP: 25/26 MP: 3/3
  2152 | D:3      | Reached XP level 4. HP: 33/33 MP: 4/4
  2444 | D:3      | Found a snail-covered altar of Cheibriados.
  2591 | D:3      | Found a burning altar of Makhleb.
  2882 | D:3      | Reached XP level 5. HP: 34/38 MP: 5/5
  3260 | D:4      | Noticed an ogre
  3265 | D:4      | Learned a level 2 spell: Blink
  3273 | D:4      | Killed an ogre
  3274 | D:4      | Gained mutation: You regenerate magic rapidly. [demonic
                  | ancestry]
  3274 | D:4      | Reached XP level 6. HP: 46/46 MP: 6/6
  3683 | D:4      | HP: 2/46 [orc priest/+0 whip (5)]
  3683 | D:4      | Slain by an orc wizard

Illustrated notes

Levels and vault maps discovered:
D:1:      dpeg_arrival_round_c, layout_loops_corners, minmay_tall_x
D:2:      layout_rooms, serial_forest, infiniplex_forest_clump_cross,
          infiniplex_forest_end_double, infiniplex_forest_lined_2,
          infiniplex_forest_straight_4, infiniplex_forest_straight_2,
          infiniplex_forest_straight_2, infiniplex_forest_lined_2,
          infiniplex_forest_straight_2, infiniplex_forest_lined_3_way
D:3:      layout_rooms, lemuel_crystal_altar, chei_slow_surprise
D:4:      layout_basic, roderic_lattice_a

Skill      XL: |  1  2  3  4  5 |
---------------+----------------+-----
Dodging        | 2 3 |  3.5
Evocations     | 1 2 3 |  3.3
Unarmed Combat | 3 |  3.5
Shapeshifting  | 3 |  3.4
Fighting       | 2 |  2.5

Action                     |  1- 3 |  4- 6 || total
---------------------------+-------+-------++-------
  Melee: Unarmed           |   130 |   143 ||   273
         Tailslap          |     9 |    20 ||    29
         Punch             |       |     1 ||     1
Ability: Begin Untransform |     1 |     1 ||     2
    Use: Scroll            |     7 |     3 ||    10
         Potion            |     1 |       ||     1
   Stab: Sleeping          |     2 |     2 ||     4
 Armour: Animal skin       |    80 |    65 ||   145
  Dodge: Dodged            |    73 |    81 ||   154
   Form: Beast             |     1 |     1 ||     2
         Flux              |       |     1 ||     1
